 Dungeon Crawl Stone Soup version 0.26-a0-597-gb535b0901c (webtiles) character file.

Game seed: 2444957434524383248

16 vurker the Chiller (level 2, -1/16 HPs)
             Began as a Kobold Ice Elementalist on Sept 12, 2020.
             Slain by a jackal (2 damage)
             ... on level 1 of the Dungeon.
             The game lasted 00:01:06 (575 turns).

vurker the Chiller (Kobold Ice Elementalist)         Turns: 575, Time: 00:01:07

Health: -1/16      AC:  2    Str:  5    XL:     2   Next: 75%
Magic:  0/5        EV: 15    Int: 16    God:
Gold:   0          SH:  0    Dex: 15    Spells: 5/6 levels left

rFire    . . .     SeeInvis .   e - +0 short sword
rCold    . . .     Faith    .   (shield restricted)
rNeg     . . .     Spirit   .   a - +0 robe
rPois    .         Reflect  .   (no helmet)
rElec    .         Harm     .   (no cloak)
rCorr    .                      (no gloves)
MR       .....                  (no boots)
Stlth    +++.......             (no amulet)
HPRegen  0.05/turn              (no ring)
MPRegen  0.09/turn              (no ring)

@: no status effects
A: small, nightstalker 3
a: no special abilities


You were on level 1 of the Dungeon.
You visited 1 branch of the dungeon, and saw 1 of its levels.

Inventory:

Hand Weapons
 e - a +0 short sword (weapon)
   (You took it off a kobold on level 1 of the Dungeon)
Armour
 a - a +0 robe (worn)
Scrolls
 b - 3 scrolls of teleportation {unknown}
 c - a scroll of fog {unknown}
 d - a scroll of enchant weapon {unknown}
Potions
 f - a potion of flight {unknown}


   Skills:
 + Level 0.8 Fighting
 - Level 2.4 Dodging
 - Level 2.6 Stealth
 * Level 2.6 Spellcasting
 * Level 4.2 Ice Magic


You had 5 spell levels left.
You knew the following spells:

 Your Spells              Type           Power        Failure   Level
a - Freeze                Ice            ###.         3%          1

Your spell library contained the following spells:

 Spells                   Type           Power        Failure   Level
 Frozen Ramparts          Ice            ###...       10%         3
 Ozocubu's Armour         Ice            ###.....     10%         3
 Hailstorm                Conj/Ice       #.......     63%         4
 Summon Ice Beast         Ice/Summ       #.......     63%         4


Dungeon Overview and Level Annotations

Branches:
Dungeon (1/15)

Altars:


Innate Abilities, Weirdness & Mutations

You are small and have problems with some larger weapons.
You are completely attuned to the shadows.


Message History

You kill the jackal!
You can't see any susceptible monsters within range! (Use Z to cast anyway.)
You can't see any susceptible monsters within range! (Use Z to cast anyway.)
A jackal comes into view.
The jackal barks! x3; You hear a shout! x2
The jackal closely misses you. The jackal bites you.
A goblin comes into view. It is wielding a +0 club.
The jackal misses you. The jackal completely misses you.
Found 12 arrows.
Aim: a jackal You freeze the jackal.
The jackal misses you. The jackal barely misses you. x2
The jackal closely misses you. The jackal misses you.
The jackal barely misses you.
A hobgoblin comes into view. It is wielding a +0 club.
The goblin misses you. The jackal bites you.
A rat comes into view.
The hobgoblin hits you with a +0 club.
Aim: a goblin, wielding a +0 club You freeze the goblin.
You kill the goblin!
Aim: a jackal You freeze the jackal.
The jackal bites you.
* * * LOW HITPOINT WARNING * * *
The rat misses you. The jackal misses you. The rat bites you.
* * * LOW HITPOINT WARNING * * *
The jackal bites you.
* * * LOW HITPOINT WARNING * * *
There is a shaft here.
The jackal falls through a shaft!
The shaft crumbles and collapses.
Unknown command.
You hit the rat but do no damage. The rat closely misses you.
The rat bites you.
* * * LOW HITPOINT WARNING * * *
Aim: a rat You freeze the rat.
You kill the rat!
You don't have enough magic to cast that spell.
You hit the jackal but do no damage. The jackal misses you.
You closely miss the jackal. The jackal closely misses you.
The jackal bites you but does no damage.
The jackal misses you.
Found a stone staircase leading down.
You closely miss the jackal. The jackal misses you. The jackal bites you.
* * * LOW HITPOINT WARNING * * *
You closely miss the jackal. The jackal misses you.
Aim: a jackal You freeze the jackal.
The jackal bites you.
You die...

......### ......#...
.......... ##........
#.....†.......
#............## #
.............># ##
r.....#.......# .#
#..#g##.#.@hh.# .##
#..#)##.#.##..# ..# #
#..#.##.#...g.#
..#.#.#..........h#...
..#...#.##.##.#######.#
..#........##... ..
..#..##.#########
..#.........
..##.##.#...


You could see 2 jackals.

Vanquished Creatures
  A dart slug (D:1)
  A leopard gecko (D:1)
  A bat (D:1)
  A giant cockroach (D:1)
  2 goblins (D:1)
  A jackal (D:1)
  3 kobolds (D:1)
  2 rats (D:1)
12 creatures vanquished.

Notes
Turn   | Place    | Note
-------+----------+-------------------------------------------
     0 | D:1      | vurker the Kobold Ice Elementalist began the quest for the
                  | Orb.
     0 | D:1      | Reached XP level 1. HP: 10/10 MP: 3/3
   357 | D:1      | Reached XP level 2. HP: 16/16 MP: 3/5
   575 | D:1      | Slain by a jackal

Illustrated notes

Levels and vault maps discovered:
D:1:      dpeg_arrival_circle_labyrinth_c, layout_basic

Action                   || total
-------------------------++-------
Melee: Short sword       ||     9
       Unarmed           ||     1
 Cast: Freeze            ||    15
 Stab: Sleeping          ||     2
Armor: Robe              ||     1
Dodge: Dodged            ||    26

Table legend: (Time is in decaauts)
 A = Elapsed time spent in this place.
 B = Non-inter-level travel time spent in this place.
 C = Inter-level travel time spent in this place.
 D = Time resting spent in this place.
 E = Time spent auto-exploring this place.
 F = Levels seen in this place.
 G = Mean time per level.
                   A        B        C        D        E       F      G
               +--------+--------+--------+--------+--------+-----+--------+
         Total |    575 |    575 |      0 |      0 |    479 |   1 |  575.0 |
       Dungeon |    575 |    575 |      0 |      0 |    479 |   1 |  575.0 |
               +--------+--------+--------+--------+--------+-----+--------+

Top non-repeatable levels by time:
     D:1: 575 daAuts
